 Dungeon Crawl Stone Soup version 0.29.1-2-gbd0b4ee654 (webtiles) character file.

Game seed: 12994434429939558670

46 snek11 the Conjurer (level 3, -1/19 HPs)
             Began as a Deep Elf Conjurer on Nov 16, 2022.
             Slain by Natasha (8 damage)
             ... on level 2 of the Dungeon.
             The game lasted 00:10:24 (1957 turns).

snek11 the Conjurer (Deep Elf Conjurer)             Turns: 1957, Time: 00:10:24

Health: -1/19      AC:  2    Str:  4    XL:     3   Next: 46%
Magic:  1/10       EV: 12    Int: 24    God:
Gold:   87         SH:  0    Dex: 13    Spells: 8/9 levels left

rFire   . . .      SeeInvis .   d - staff of earth
rCold   . . .      Faith    .   (no shield)
rNeg    . . .      Spirit   .   a - +0 robe
rPois   .          Reflect  .   (no helmet)
rElec   .          Harm     .   (no cloak)
rCorr   .          Rampage  .   (no gloves)
Will    .....                   (no boots)
Stlth   ++........              (no amulet)
HPRegen 0.06/turn               (no ring)
MPRegen 0.12/turn               (no ring)

@: slowed, very slow
A: no striking features
a: no special abilities


You were on level 2 of the Dungeon.
You visited 1 branch of the dungeon, and saw 2 of its levels.

You collected 87 gold pieces.

Inventory:

Hand Weapons
 k - a +3 spear of venom
Armour
 a - a +0 robe (worn)
Magical Staves
 d - a staff of earth (weapon)
Scrolls
 l - a scroll of vulnerability {unknown}
 m - a scroll of torment {unknown}
 n - a scroll of teleportation {unknown}
Potions
 b - a potion of magic
 c - a potion of flight {unknown}
 e - 4 potions of haste {unknown}
 f - 2 potions of curing {unknown}
 g - a potion of brilliance {unknown}
 h - 2 potions of berserk rage {unknown}
 i - a potion of resistance {unknown}
 j - a potion of mutation {unknown}


   Skills:
 + Level 2.5 Dodging
 + Level 2.7 Stealth
 + Level 3.5 Spellcasting
 + Level 5.4 Conjurations


You had 8 spell levels left.
You knew the following spells:

 Your Spells              Type           Power      Damage    Failure   Level
a - Magic Dart            Conj           100%       1d8       1%          1

Your spell library contained the following spells:

 Spells                   Type           Power      Damage    Failure   Level
 Searing Ray              Conj           60%        2d6       1%          2
 Dazzling Flash           Conj/Hex       34%        N/A       10%         3
 Fulminant Prism          Conj/Hex       8%         3d7       32%         4
 Iskenderun's Mystic Bla  Conj/Tloc      17%        2d5       32%         4


Dungeon Overview and Level Annotations

Branches:
Dungeon (2/15)

Altars:
Yredelemnul

Annotations:
D:2 Natasha


Message History

Natasha is severely wounded.
Natasha misses you.
Casting: Magic Dart (safe; 1% risk of failure)
Confirm with . or Enter, or press ? or * to list all spells.
Aiming: Magic Dart (safe; 1% risk of failure)
Press: ? - help, Shift-Dir - straight line, f/p - Natasha
Aim: Natasha (severely wounded, 100% to hit)
The magic dart hits Natasha.
Natasha is severely wounded.
Natasha misses you.
Casting: Magic Dart (safe; 1% risk of failure)
Confirm with . or Enter, or press ? or * to list all spells.
You don't have enough magic to cast this spell.
Unknown command.
Casting: Magic Dart (safe; 1% risk of failure)
Confirm with . or Enter, or press ? or * to list all spells.
You don't have enough magic to cast this spell.
Unknown command.
Natasha attacks as you move away! Natasha barely misses you.
Natasha attacks as you move away! Natasha barely misses you.
Natasha claws you but does no damage.
Natasha stares at you and mumbles some strange words.
You feel yourself slow down.
Casting: Magic Dart (safe; 1% risk of failure)
Confirm with . or Enter, or press ? or * to list all spells.
Aiming: Magic Dart (safe; 1% risk of failure)
Press: ? - help, Shift-Dir - straight line, f/p - Natasha
Aim: Natasha (severely wounded, 100% to hit)
The magic dart hits Natasha.
Natasha is severely wounded.
Natasha barely misses you. Natasha claws you.
Okay, then.
You hit Natasha.
Natasha is almost dead.
Natasha casts a spell at you.
You feel as though you will be slow longer.
You closely miss Natasha.
Natasha is almost dead.
Natasha closely misses you. Natasha claws you!
You die...

#.._............# ## #
#......########.# #.#.
#.....## #.# ..# #..#### #.#
... ##.# #.#
.####.####.########## #.#
)...................# #.#
##.####.)...####.###.###
##.###......h@<........##
##...##.####.#.......^...#
#.....#.# #.#.#..###....#
#.......# #.#....###.)..#
#.......# #.#.#.#.......#
##...#..# #.#.#.#.###...#
#####..# #.#.#.....#...#
###..####.#.#.....#...#
######.........#...........#


You could see Natasha.

Vanquished Creatures
  An adder (D:2)
  2 bats (D:2)
  2 endoplasms (D:1)
  4 giant cockroaches (D:1)
  4 goblins
  2 hobgoblins (D:2)
  4 quokkas
  6 ball pythons
  A frilled lizard (D:2)
  3 kobolds
  5 rats (D:1)
34 creatures vanquished.

Notes
Turn   | Place    | Note
-------+----------+-------------------------------------------
     0 | D:1      | snek11 the Deep Elf Conjurer began the quest for the Orb.
     0 | D:1      | Reached XP level 1. HP: 10/10 MP: 6/6
   684 | D:1      | Reached XP level 2. HP: 15/15 MP: 5/8
   996 | D:1      | Reached skill level 5 in Conjurations
  1564 | D:2      | Reached XP level 3. HP: 18/19 MP: 6/9
  1577 | D:2      | Found a basalt altar of Yredelemnul.
  1665 | D:2      | Found a faded altar of an unknown god.
  1933 | D:2      | Noticed Natasha
  1957 | D:2      | Slain by Natasha

Illustrated notes

Levels and vault maps discovered:
D:1:      wheals_arrival_shading, layout_basic
D:2:      layout_loops_ring, nicolae_ecumenical_snake_handling, basic_altar,
          uniq_natasha

Skill      XL: |  1  2 |
---------------+-------+-----
Conjurations   | 5 |  5.4
Dodging        | |  2.5
Stealth        | |  2.7
Spellcasting   | |  3.5

Action                   || total
-------------------------++-------
Melee: Staff             ||     2
 Cast: Magic Dart        ||    62
Armor: Robe              ||     2
Dodge: Dodged            ||     6
